Map: Fracture LE

Players

HeroMarine

  • Race: Terran Terran
  • Spawn Location: 11:00

ShaDoWn - Winner!

  • Race: Protoss Protoss
  • Spawn Location: 5:00

Event: WCS Montreal 2018

VOD

Have the link to the VOD?

Description

Time

  • Played on: Sept. 7, 2018, 7:11 p.m.
  • Length: 11:00

All games in this series

Show
View Real Time Build Order
Export as new Build Order

HeroMarine Terran 

Build Orders: Gas First Reaper Expand, Reaper Expand, MMM Bio 

Get SALT Encoding   

  12  0:00  SCV  
  13  0:12  SCV  
  14  0:17  Supply Depot  
  14  0:24  SCV  
  14  0:28  Refinery  
  15  0:39  SCV  
  16  0:44  Barracks  
  16  0:51  SCV  
  17  1:03  SCV  
  18  1:15  SCV  
  19  1:30  Reaper, Orbital Command  
  20  1:51  Command Center  
  20  1:58  SCV  
  20  1:59  Factory  
  21  2:05  Barracks Reactor  
  21  2:10  SCV  
  21  2:15  Refinery, Supply Depot  
  22  2:23  SCV  
  23  2:37  SCV  
  24  2:43  Marine x2  
  28  2:44  Hellion  
  28  2:48  Starport  
  28  2:49  SCV  
  29  3:01  SCV, Marine, Supply Depot  
  31  3:11  Marine  
  31  3:15  SCV  
  31  3:22  Marine  
  31  3:23  Widow Mine  
  31  3:25  Orbital Command  
  33  3:27  SCV  
  33  3:29  Marine  
  33  3:33  Viking  
  37  3:39  SCV  
  37  3:40  Marine  
  39  3:44  Widow Mine  
  39  3:47  Marine  
  42  3:51  SCV  
  42  3:54  SCV  
  44  3:57  Barracks  
  44  3:59  Marine  
  45  4:03  SCV  
  45  4:05  Marine  
  45  4:07  SCV  
  48  4:11  Barracks  
  48  4:15  SCV  
  49  4:17  Bunker  
  49  4:19  SCV  
  49  4:20  Engineering Bay  
  49  4:23  Supply Depot  
  50  4:27  SCV  
  50  4:31  SCV, Marine x2  
  52  4:35  Factory Tech Lab  
  52  4:36  Starport Tech Lab  
  54  4:45  SCV x2  
  56  4:47  Supply Depot  
  56  4:54  Marine x2, Supply Depot  
  56  4:57  SCV x2  
  60  5:00  Stimpack  
  60  5:07  Missile Turret, Terran Infantry Weapons Level 1  
  60  5:09  Marauder, SCV  
  60  5:10  Starport Reactor, Factory Reactor  
  60  5:12  SCV  
  64  5:18  Marauder  
  66  5:21  Marine  
  66  5:22  Marine  
  66  5:26  SCV x2  
  66  5:27  Combat Shields  
  66  5:28  Refinery  
  70  5:31  Marauder  
  70  5:33  Supply Depot  
  72  5:39  Marine x2  
  72  5:42  Marauder  
  76  5:49  Widow Mine x2  
  78  5:53  Supply Depot  
  78  5:54  Medivac x2  
  78  5:55  Marauder  
  78  5:56  Supply Depot  
  84  6:00  Marine x2  
  86  6:15  Marauder, Widow Mine x2  
  86  6:16  Marauder  
  94  6:19  Supply Depot  
  94  6:28  Medivac x2  
  94  6:30  SCV  
  94  6:31  SCV  
  98  6:37  Marauder  
  98  6:43  Missile Turret  
  98  6:46  Marauder  
  97  6:50  Marine  
  99  6:54  SCV x2  
  99  6:57  Concussive Shells  
  99  6:58  Marauder  
  102  7:07  Supply Depot  
  102  7:08  Marauder, Marine x2  
  106  7:10  Command Center  
  106  7:12  Supply Depot  
  106  7:14  Supply Depot  
  106  7:16  Widow Mine x2  
  106  7:20  SCV x2  
  104  7:34  SCV x2  
  104  7:37  Marauder x2, Marine x2  
  91  7:45  Terran Infantry Armor Level 1  
  91  7:47  Barracks  
  91  7:48  SCV, Barracks  
  88  7:55  Marine x2  
  88  7:58  Marauder  
  92  8:04  SCV x2  
  90  8:12  Marauder  
  82  8:16  SCV  
  82  8:19  Marauder  
  71  8:23  Marine x2  
  67  8:33  Marine, Orbital Command  
  68  8:38  SCV x2  
  68  8:40  Marine  
  68  8:41  Marine  
  71  8:48  Factory Reactor  
  71  8:50  SCV x2, Marine  
  71  8:55  Marine x2  
  76  8:56  Barracks Tech Lab  
  76  8:59  Marine  
  76  9:00  Ghost Academy  
  76  9:02  SCV x2, Supply Depot  
  79  9:08  Marauder, Marine  
  82  9:12  Marine  
  82  9:14  SCV  
  82  9:15  Marauder, SCV  
  87  9:23  Liberator x2  
  87  9:27  Marine x2  
  87  9:28  Marine x2  
  87  9:29  Marauder  
  87  9:30  Widow Mine x2  
  97  9:37  Missile Turret  
  85  9:43  Marauder  
  85  9:44  Marauder  
  94  9:45  Marine  
  94  9:46  Marine  
  94  9:47  Marine  
  94  9:50  Marine  
  97  9:53  Marauder  
  94  10:03  Marine x2  
  94  10:04  Marine x2  
  94  10:05  Marine  
  97  10:07  Marine  
  90  10:14  Marine  
  90  10:21  Marine x2  
  81  10:22  Marine  
  81  10:23  Marauder, Marine  
  81  10:25  Marine  
  77  10:32  Marauder  
  77  10:35  Widow Mine x2  
Show
View Real Time Build Order
Export as new Build Order

ShaDoWn Protoss - Winner!

Build Orders: 1 Gate Expand, Blink Stalkers, Chargelot Immortal, Zealot Archon 

Get SALT Encoding   

  12  0:00  Probe  
  13  0:12  Probe  
  14  0:16  Pylon  
  14  0:23  Probe  
  15  0:31  Probe  
  15  0:37  Gateway  
  15  0:40  Probe  
  16  0:46  Assimilator  
  17  0:51  Probe  
  18  1:03  Probe  
  19  1:18  Probe  
  20  1:24  Cybernetics Core  
  20  1:33  Nexus  
  20  1:40  Pylon  
  20  1:42  Probe  
  21  1:49  Assimilator  
  21  1:52  Adept  
  21  1:54  Probe  
  21  1:57  Pylon  
  22  2:03  Warp Gate  
  22  2:06  Probe  
  25  2:09  Stalker  
  25  2:18  Probe  
  28  2:30  Probe  
  28  2:34  Twilight Council  
  29  2:42  Probe  
  30  2:45  Stalker  
  30  2:46  Probe  
  33  2:54  Probe  
  33  2:55  Probe  
  35  3:08  Blink  
  35  3:09  Probe  
  36  3:13  Probe  
  35  3:22  Probe x2  
  37  3:30  Probe  
  37  3:31  Gateway x2  
  37  3:34  Probe  
  37  3:36  Stalker  
  37  3:40  Probe  
  39  3:46  Probe  
  41  3:50  Probe  
  41  3:52  Robotics Facility  
  42  3:57  Pylon  
  42  3:58  Probe x2  
  42  4:01  Assimilator  
  44  4:07  Probe  
  44  4:09  Pylon  
  44  4:10  Probe  
  46  4:19  Probe  
  46  4:23  Stalker  
  49  4:24  Probe  
  49  4:28  Stalker  
  49  4:29  Stalker  
  55  4:38  Warp Prism  
  55  4:42  Dark Shrine  
  57  4:47  Nexus  
  56  4:55  Sentry  
  56  4:56  Stalker  
  60  5:00  Pylon, Probe  
  60  5:03  Assimilator  
  62  5:09  Observer  
  62  5:13  Pylon  
  62  5:18  Gateway  
  62  5:21  Gateway  
  62  5:25  Gateway  
  62  5:26  Observer  
  62  5:29  Charge  
  62  5:32  Gateway  
  62  5:33  Gateway  
  63  5:43  Immortal  
  62  5:53  Probe  
  62  5:56  Probe  
  68  5:58  Dark Templar x2  
  68  6:01  Probe  
  73  6:05  Probe  
  73  6:09  Probe  
  75  6:16  Pylon  
  76  6:21  Probe  
  76  6:30  Probe  
  75  6:34  Immortal, Probe  
  75  6:36  Probe  
  77  6:42  Probe  
  77  6:46  Probe  
  81  6:48  Stalker x5  
  81  6:49  Zealot x3  
  95  7:02  Pylon  
  95  7:11  Dark Templar  
  95  7:12  Dark Templar, Zealot  
  101  7:15  Pylon  
  101  7:17  Archon  
  101  7:25  Zealot x4  
  106  7:34  Immortal  
  106  7:35  Stalker x2  
  103  7:42  Probe  
  98  7:55  Zealot x6  
  98  7:58  Zealot  
  106  7:59  Zealot  
  106  8:01  Probe  
  109  8:06  Robotics Bay  
  84  8:21  Immortal  
  84  8:26  Stalker x7  
  96  8:31  Pylon  
  91  8:42  Forge  
  91  8:44  Dark Templar  
  93  8:48  Disruptor  
  93  8:50  Zealot x3  
  93  8:51  Zealot x4  
  107  8:58  Assimilator  
  107  8:59  Assimilator  
  107  9:00  Probe x3  
  113  9:17  Stalker x3, Zealot x3  
  113  9:19  Disruptor  
  121  9:38  Zealot x3  
  124  9:44  Stalker x2  
  124  9:49  Pylon  
  124  9:50  Pylon  
  108  10:07  Stalker x8  
  96  10:35  Stalker x8  
Tags
 
Add a new tag
Caveats
  • Supply blocks, unpowered buildings, or Contaminate may cause inaccurate times.
  • Supply counts are checked every 10 seconds.